 Dungeon Crawl Stone Soup version 0.29.1-12-g30fa7ad0bf (webtiles) character file.

Game seed: 11954096341953205492

1276 LustLizard the Ruffian (level 8, -2/79 HPs)
             Began as a Troll Fighter on Dec 25, 2022.
             Slain by a sky beast (6 damage)
             ... on level 5 of the Dungeon.
             The game lasted 00:07:58 (4176 turns).

LustLizard the Ruffian (Troll Fighter)              Turns: 4176, Time: 00:07:58

Health: -2/79      AC:  4    Str: 25    XL:     8   Next: 29%
Magic:  0/7        EV:  8    Int: 12    God:
Gold:   224        SH:  8    Dex:  9    Spells: 7/7 levels left

rFire   + . .      SeeInvis .     - Unarmed
rCold   . . .      Faith    .   b - +0 kite shield
rNeg    . . .      Spirit   +   a - +0 robe
rPois   .          Reflect  .   v - +0 hat
rElec   .          Harm     .   m - scarf {shadows}
rCorr   .          Rampage  .   (gloves unavailable)
Will    .....                   (boots unavailable)
Stlth   +.........              i - amulet of guardian spirit
HPRegen 1.03/turn               k - +6 ring of intelligence
MPRegen 0.10/turn               r - ring of protection from fire

@: lethally poisoned (-2 -> -3)
A: large, unfitting armour, claws 3, regeneration 1, shaggy fur 1, tough skin 1
a: no special abilities


You were on level 5 of the Dungeon.
You visited 1 branch of the dungeon, and saw 6 of its levels.
You also visited: Sewer.

You collected 224 gold pieces.

Inventory:

Armour
 a - a +0 robe (worn)
 b - a +0 kite shield (worn)
 m - a scarf of shadows (worn)
 v - a +0 hat (worn)
Jewellery
 i - an amulet of guardian spirit (around neck)
 k - a +6 ring of intelligence (left claw)
 r - a ring of protection from fire (right claw)
Wands
 y - a wand of iceblast (6)
 A - a wand of flame (22)
Scrolls
 d - 2 scrolls of summoning {unknown}
 g - a scroll of enchant weapon {unknown}
 h - a scroll of magic mapping {unknown}
 j - a scroll of teleportation {unknown}
 q - a scroll of vulnerability {unknown}
 t - 2 scrolls of fog {unknown}
 u - a scroll of enchant armour {unknown}
 w - 4 scrolls of noise {unknown}
 B - a scroll of silence {unknown}
Potions
 c - 2 potions of might
 e - 4 potions of lignification
 f - a potion of degeneration {unknown}
 l - 2 potions of mutation
 n - 5 potions of brilliance
 o - 2 potions of attraction
 p - 3 potions of cancellation
 s - 2 potions of curing
 z - a potion of heal wounds {unknown}


   Skills:
 + Level 4.8 Fighting
 - Level 2.4 Dodging
 + Level 5.2 Shields
 * Level 7.4 Unarmed Combat


You had 7 spell levels left.
You didn't know any spells.
Your spell library contained the following spells:

 Spells                   Type           Power      Damage    Failure   Level
 Necrotise                Necr           0%         1d4       58%         1
 Slow                     Hex            0%         N/A       58%         1
 Sting                    Tmut/Pois      0%         1d3       58%         1
 Poisonous Vapours        Pois/Air       0%         N/A       73%         2
 Sublimation of Blood     Necr           0%         N/A       73%         2
 Confusing Touch          Hex            0%         N/A       91%         3
 Conjure Flame            Conj/Fire      0%         6-21      91%         3
 Ignite Poison            Fire/Tmut/Pois 0%         N/A       91%         3
 Vampiric Draining        Necr           0%         2d6       91%         3
 Olgreb's Toxic Radiance  Pois           0%         N/A       100%        4
 Petrify                  Tmut/Erth      0%         N/A       100%        4
 Sticky Flame             Conj/Fire      0%         2d3       100%        4
 Agony                    Necr           0%         N/A       100%        5
 Irradiate                Conj/Tmut      0%         3d11      100%        5


Dungeon Overview and Level Annotations

Branches:
Dungeon (6/15)              Sewer (visited)
 Temple: D:4-7

Altars:
Hepliaklqana
Nemelex Xobeh
Xom

Annotations:
D:4 1 transporter, ChristheOdist's ghost, weakling NaEn


Innate Abilities, Weirdness & Mutations

You are too large for most types of armour.
You have claws for hands.
Your natural rate of healing is unusually fast.
You are covered in fur. (AC +1)
You have tough skin. (AC +1)


Message History

You feel sick. The hound barely misses you.
The scorpion stings you but does no damage.
The scorpion barely misses you. Something hits you. Something shocks you.
The orc barely misses you. You block the hound's attack.
Unknown command.
Unknown command.
Unknown command.
Unknown command.
Unknown command.
The scorpion attacks as you move away! The scorpion barely misses you.
You feel sick. Something hits you but does no damage.
You block the orc's attack.
You see here an adder corpse.
The scorpion attacks as you move away! The scorpion stings you.
You are more poisoned.
The scorpion poisons you!
You feel very sick. The scorpion stings you. Something hits you.
Something shocks you.
* * * LOW HITPOINT WARNING * * *
The hound closely misses you.
There is a stone staircase leading up here.
You feel sick. The scorpion stings you.
* * * LOW HITPOINT WARNING * * *
The hound closely misses you. Something hits you.
* * * LOW HITPOINT WARNING * * *
Something shocks you.
* * * LOW HITPOINT WARNING * * *
The orc hits you with a +0 whip.
* * * LOW HITPOINT WARNING * * *
The scorpion barely misses you.
You climb upwards.
Reactivating autopickup.
You feel sick.
There is a stone staircase leading down here.
Okay, then.
Okay, then.
Something hits you.
* * * LOW HITPOINT WARNING * * *
Something shocks you.
You die...

#.#######.##.## # #.# #.##.# ##
#.# #.##.####### ##. #.#
##..........###..
######.######.............#..
#.................#####.#.#..
#.####.######.....# #.#.##.
#.####.######{....#####......
#.##.......s@o.......####....
##.##.#.###.#.h^^^............
###..##.#.###.#..^_^....##......
#.......#.##.....^^..#......#...
#.####..#...............##......
#.###.#.##..........##..#.......
#.##.###.#.......##.##..#.######
#.###.#.##................#
#.####....................#


You could see a scorpion, a hound and an orc.

Vanquished Creatures
  Grinder (D:3)
  Duvessa (D:6)
  An ogre (D:4)
  A phantom (D:5)
  2 bullfrogs (Sewer)
  A scorpion (D:4)
  Dowan (D:6)
  A hound (D:4)
  An orc priest (D:6)
  5 iguanas
  2 orc wizards
  Ijyb (D:5)
  A gnoll (D:3)
  14 adders
  2 river rats (D:5)
  4 worms
  3 dart slugs
  18 orcs
  15 endoplasms
  8 giant cockroaches
  3 goblins
  4 hobgoblins
  A jackal (D:3)
  7 quokkas
  16 ball pythons
  4 bats
  11 frilled lizards
  4 kobolds
  17 rats
150 creatures vanquished.

Vanquished Creatures (others)
  19 plants (D:3)
19 creatures vanquished.

Grand Total: 169 creatures vanquished

Notes
Turn   | Place    | Note
-------+----------+-------------------------------------------
     0 | D:1      | LustLizard the Troll Fighter began the quest for the Orb.
     0 | D:1      | Reached XP level 1. HP: 22/22 MP: 0/0
   247 | D:1      | Reached XP level 2. HP: 29/29 MP: 1/1
   921 | D:2      | Reached XP level 3. HP: 29/36 MP: 2/2
   930 | D:2      | Reached skill level 3 in Unarmed Combat
  1110 | D:2      | Reached XP level 4. HP: 39/44 MP: 3/3
  1366 | D:3      | Found a faded altar of an unknown god.
  1936 | D:3      | Reached skill level 4 in Unarmed Combat
  1936 | D:3      | Reached XP level 5. HP: 52/53 MP: 2/4
  2070 | D:3      | Noticed Grinder
  2081 | D:3      | Killed Grinder
  2082 | D:3      | Reached skill level 5 in Unarmed Combat
  2082 | D:3      | Reached XP level 6. HP: 25/61 MP: 1/5
  2536 | D:4      | Reached XP level 7. HP: 68/68 MP: 6/6
  2669 | D:4      | Found a hazy altar of Hepliaklqana.
  2673 | D:4      | Found a sparkling altar of Nemelex Xobeh.
  2768 | D:4      | Reached skill level 6 in Unarmed Combat
  2841 | D:4      | Noticed ChristheOdist's ghost (weakling NaEn)
  2843 | D:4      | Found a transporter.
  2950 | D:5      | Entered Level 5 of the Dungeon
  3073 | D:5      | Found a glowing drain.
  3290 | Sewer    | Entered a sewer
  3547 | Sewer    | Reached XP level 8. HP: 69/79 MP: 7/7
  3672 | D:5      | Noticed Ijyb
  3678 | D:5      | Reached skill level 5 in Shields
  3681 | D:5      | Killed Ijyb
  3708 | D:5      | Found a shimmering altar of Xom.
  3904 | D:5      | Reached skill level 7 in Unarmed Combat
  4096 | D:6      | Noticed Duvessa
  4097 | D:6      | Noticed Dowan
  4100 | D:6      | Killed Duvessa
  4105 | D:6      | Killed Dowan
  4176 | D:5      | Slain by a sky beast

Illustrated notes

Levels and vault maps discovered:
D:1:      tarquinn_simple_flora_water_f, layout_loops_ring
D:2:      layout_loops_cross
D:3:      minmay_bubble_buster, layout_basic,
          hellmonk_ecumenical_altar_slurped_away, kennysheep_boxes, uniq_grinder
D:4:      layout_cave_pools, grunt_temple_overflow_open, gammafunk_ghost_smash
D:5:      layout_loops_ring, xom_teletrap_fun, lightli_sewer_entry_pipes,
          serial_park_tiny_1, uniq_ijyb
D:6:      layout_rooms, elyvilon_altar_5, minmay_temple_entry_antechambers,
          uniq_duvessa

Skill      XL: |  1  2  3  4  5  6  7  8 |
---------------+-------------------------+-----
Shields        | 3 4 5 |  5.2
Unarmed Combat | 3 4 5 6 7 |  7.4
Fighting       | 3 4 |  4.8
Dodging        | |  2.4

Action                   |  1- 3 |  4- 6 |  7- 9 || total
-------------------------+-------+-------+-------++-------
Melee: Unarmed           |    65 |   105 |   195 ||   365
  Use: Scroll            |       |     3 |     3 ||     6
 Stab: Sleeping          |     1 |     1 |       ||     2
Armor: Robe              |    12 |    25 |    49 ||    86
Dodge: Dodged            |    15 |    21 |    84 ||   120
Block: Kite shield       |    20 |    36 |    65 ||   121
